 Dungeon Crawl Stone Soup version 0.22-a0-79-g605b837 (webtiles) character file.

1894 roguesci the Skirmisher (level 8, -7/62 HPs)
             Began as a Demonspawn Skald on Jan 14, 2018.
             Was a Follower of Vehumet.
             Mangled by Joseph
             ... wielding a +0 quarterstaff of protection
              (28 damage)
             ... on level 7 of the Dungeon on Jan 17, 2018.
             The game lasted 00:44:13 (11815 turns).

roguesci the Skirmisher (Demonspawn Skald)         Turns: 11815, Time: 00:44:14

Health: -7/62      AC:  5    Str: 11    XL:     8   Next: 93%
Magic:  9/13       EV: 13    Int: 14    God:    Vehumet [*.....]
Gold:   473        SH:  0    Dex: 16    Spells: 6/14 levels left

rFire    . . .     SeeInvis .   n - +1 dagger (venom)
rCold    + . .     Gourm    .   (no shield)
rNeg     + . .     Faith    .   b - +0 leather armour
rPois    .         Spirit   .   (no helmet)
rElec    .         Reflect  .   (no cloak)
rCorr    .         Harm     .   a - +1 pair of gloves
MR       .....                  (no boots)
Stlth    ++++......             (no amulet)
HPRegen  0.20/turn              q - ring of positive energy
MPRegen  0.13/turn              (no ring)

@: hasted, very quick
A: claws 1, cold resistance 1, nightstalker 1, freezing cloud immunity
a: Renounce Religion


You were on level 7 of the Dungeon.
You worshipped Vehumet.
Vehumet was aware of your devotion.
You were not hungry.

You visited 2 branches of the dungeon, and saw 8 of its levels.

You collected 473 gold pieces.

Inventory:

Hand Weapons
 e - a +3 hand axe
 n - a +1 dagger of venom (weapon)
Missiles
 i - 348 stones (quivered)
Armour
 a - a +1 pair of gloves (worn)
 b - a +0 leather armour (worn)
 f - a +0 buckler
 p - a +4 chain mail of poison resistance
Jewellery
 q - a ring of positive energy (left hand)
Wands
 k - a wand of random effects (21)
 x - a wand of polymorph (12)
Scrolls
 h - 3 scrolls of immolation
 j - 3 scrolls of identify
 l - a scroll of amnesia
 o - a scroll of magic mapping
 t - 5 scrolls of remove curse
Books
 c - a book of Battle

   Spells                             Type                      Level
   a - Infusion                       Charms                       1
   b - Shroud of Golubria             Charms/Translocation         2
   c - Song of Slaying                Charms                       2
   d - Spectral Weapon                Hexes/Charms                 3
   e - Regeneration                   Charms/Necromancy            3
 g - a book of Frost

   Spells                             Type                      Level
   a - Freeze                         Ice                          1
   b - Throw Frost                    Conjuration/Ice              2
   c - Ozocubu's Armour               Charms/Ice                   3
   d - Throw Icicle                   Conjuration/Ice              4
   e - Summon Ice Beast               Ice/Summoning                4
Comestibles
 d - 6 rations


   Skills:
 * Level 5.2 Fighting
 * Level 5.0 Short Blades
 - Level 2.0 Armour
 + Level 3.8 Dodging
 * Level 5.0 Stealth
 + Level 3.7 Spellcasting
 - Level 2.7 Charms
 + Level 3.7 Necromancy
 - Level 2.4 Translocations
 + Level 0.9 Ice Magic


You had 6 spell levels left.
You knew the following spells:

 Your Spells              Type           Power        Failure   Level  Hunger
a - Ozocubu's Armour      Chrm/Ice       #.......     36%         3    ###....
b - Shroud of Golubria    Chrm/Tloc      #.........   14%         2    ##.....
c - Regeneration          Chrm/Necr      ##........   21%         3    ###....


Dungeon Overview and Level Annotations

Branches:
Dungeon (7/15)             Temple (1/1) D:4

Altars:
Cheibriados
Elyvilon
Fedhas
Gozag
Hepliaklqana
Kikubaaqudgha
Nemelex Xobeh
Okawaru
Qazlal
Ru
Trog
Vehumet
Wu Jian
Xom
Yredelemnul
Zin
The Shining One

Annotations:
D:1 Terence
D:4 4 runed doors, Pawles22's ghost, amateur GnSk
D:7 Joseph


Innate Abilities, Weirdness & Mutations

You have sharp fingernails.
Your flesh is cold resistant. (rC+)
You are slightly more attuned to the shadows.
You are immune to freezing clouds.


Message History

Casting: Regeneration
Confirm with . or Enter, or press ? or * to list all spells.
Space distorts slightly along a thin shroud covering your body.
Joseph drinks a potion.
Joseph goes berserk!
You hit Joseph but do no damage.
Joseph looks as sick as possible!
Joseph is heavily wounded.
Joseph hits you with a quarterstaff of protection!!
Your shroud falls apart!
Okay, then.
You feel better.
Joseph hits you with a quarterstaff of protection!
It was a potion of cancellation.
You feel magically purged.
Joseph hits you with a quarterstaff of protection.
Joseph barely misses you.
It was a potion of haste.
You feel yourself speed up. Joseph barely misses you.
Casting: Shroud of Golubria
Confirm with . or Enter, or press ? or * to list all spells.
Space distorts slightly along a thin shroud covering your body.
Joseph hits you with a quarterstaff of protection!!
You die...

.....##...# #.#
#...#
.....####.###.#
#...# ...#.#
#.<...# #...#
..##.#
###########.####
#. #.# #.......#
. ... #.#..##.#
.## #.#..##.#
#@#...#.#
#@#.#.#.#
#.......#
###.....#
###.### #.# #.#
#.# ..#


You could see Joseph (berserk).

Vanquished Creatures
  A wyvern (D:4)
  Eustachio (D:5)
  3 orc warriors
  A phantom (D:6)
  2 centaurs (D:4)
  2 bullfrogs
  A scorpion (D:4)
  3 crimson imps
  3 hounds
  3 orc priests (D:6)
  2 iguanas
  3 orc wizards
  3 worker ants
  A hound skeleton (D:4)
  11 gnolls
  A howler monkey skeleton (D:4)
  16 adders
  An ooze (D:5)
  2 adder skeletons
  3 worms
  3 dart slugs
  3 leopard geckos
  20 orcs
  7 giant cockroaches
  9 goblins
  10 hobgoblins
  7 jackals
  3 quokkas
  2 ball pythons
  9 bats
  9 frilled lizards
  9 kobolds
  A leopard gecko zombie (D:5)
  8 rats
  2 butterflies (D:4)
165 creatures vanquished.

Vanquished Creatures (others)
  A leopard gecko skeleton (D:4)
1 creature vanquished.

Grand Total: 166 creatures vanquished

Notes
Turn   | Place    | Note
-------+----------+-------------------------------------------
     0 | D:1      | roguesci the Demonspawn Skald began the quest for the Orb.
     0 | D:1      | Reached XP level 1. HP: 16/16 MP: 3/3
   244 | D:1      | Reached skill level 1 in Armour
   381 | D:1      | Gained mutation: You are slightly more attuned to the shadows. [demonic ancestry]
   381 | D:1      | Reached XP level 2. HP: 17/22 MP: 0/5
   679 | D:1      | Learned a level 2 spell: Shroud of Golubria
  1353 | D:2      | Gained mutation: You have sharp fingernails. [demonic ancestry]
  1353 | D:2      | Reached XP level 3. HP: 25/28 MP: 0/6
  1480 | D:2      | Reached skill level 1 in Stealth
  1502 | D:2      | Noticed Terence
  2147 | D:2      | Learned a level 3 spell: Regeneration
  2290 | D:2      | Reached XP level 4. HP: 31/34 MP: 7/7
  2454 | D:2      | Reached skill level 1 in Translocations
  3659 | D:2      | Gained mutation: Your flesh is cold resistant. (rC+) [demonic ancestry]
  3659 | D:2      | Reached XP level 5. HP: 36/39 MP: 8/8
  5008 | D:3      | Found a bloodstained altar of Trog.
  5008 | D:3      | Found an iron altar of Okawaru.
  5257 | D:4      | Noticed an ogre
  5350 | D:4      | Noticed Pawles22's ghost (amateur GnSk)
  5555 | D:4      | Found a staircase to the Ecumenical Temple.
  5584 | Temple   | Entered the Ecumenical Temple
  5926 | Temple   | Became a worshipper of Vehumet
  6732 | D:4      | Found a large runed door.
  6733 | D:4      | Found a large runed door.
  6760 | D:4      | Found a shimmering altar of Xom.
  6761 | D:4      | Noticed a centaur
  6781 | D:4      | Killed a centaur
  6781 | D:4      | Reached XP level 6. HP: 7/47 MP: 3/9
  7285 | D:4      | Found a hazy altar of Hepliaklqana.
  7558 | D:4      | Found a large runed door.
  7558 | D:4      | Found a large runed door.
  7786 | D:3      | Upgraded the game from 0.22-a0-77-g0fd0111 to 0.22-a0-79-g605b837
  7797 | D:3      | Reached XP level 7. HP: 33/52 MP: 11/11
  8412 | D:4      | Noticed a wyvern
  8418 | D:4      | Killed a wyvern
  8418 | D:4      | Reached skill level 1 in Necromancy
  8999 | D:5      | Entered Level 5 of the Dungeon
  9087 | D:5      | Noticed Eustachio
  9092 | D:5      | Killed Eustachio
  9201 | D:5      | Reached * piety under Vehumet
  9201 | D:5      | Offered knowledge of Freeze by Vehumet.
  9291 | D:5      | Gained mutation: You are immune to freezing clouds. [demonic ancestry]
  9291 | D:5      | Reached XP level 8. HP: 41/60 MP: 6/12
 10845 | D:6      | Learned a level 3 spell: Ozocubu's Armour
 11279 | D:6      | Reached skill level 5 in Fighting
 11675 | D:7      | Reached skill level 5 in Short Blades
 11675 | D:7      | Reached skill level 5 in Stealth
 11807 | D:7      | Noticed Joseph
 11815 | D:7      | Mangled by Joseph

Vault maps used:
D:1:      grunt_arrival_lava_bath, serial_park_tiny_2, minivault_14
D:2:      kennysheep_six_static_rooms, serial_curves, eino_curves_02,
          eino_curves_03, uniq_terence
D:3:      gammafunk_temple_overflow_elements, first_ration
D:4:      xom_butterflies, lemuel_crystal_altar, minmay_temple_entry_statues,
          grunt_ministairs_10, hangedman_abyss_or_decor_stabs,
          minmay_hollow_rounded_squares
D:5:      uniq_eustachio
D:7:      chequers_temple_overflow_minitemple, serial_park_tiny_pond,
          okawaru_altar_gauntlet_db, uniq_prince_ribbit1, uniq_joseph
Temple:   oiseaux_autumnal_temple

Skill      XL: |  1  2  3  4  5  6  7  8 |
---------------+-------------------------+-----
Armour         | 1 2 |  2.0
Dodging        | 2 3 |  3.8
Short Blades   | 2 3 4 5 |  5.0
Stealth        | 1 2 3 4 5 |  5.0
Translocations | 1 2 |  2.4
Fighting       | 3 4 5 |  5.2
Spellcasting   | 3 |  3.7
Necromancy     | 2 3 |  3.7
Charms         | |  2.7
Ice Magic      | |  0.9

Action                   |  1- 3 |  4- 6 |  7- 9 || total
-------------------------+-------+-------+-------++-------
Melee: Hand axe          |   123 |     3 |       ||   126
       Short sword       |    14 |       |       ||    14
       Dagger            |       |   279 |   360 ||   639
Throw: Stone             |     2 |     2 |     3 ||     7
 Cast: Infusion          |     4 |     2 |       ||     6
       Shroud of Golubri |     8 |    23 |    26 ||    57
       Regeneration      |       |       |     5 ||     5
  Use: Potion            |     2 |     4 |     6 ||    12
       Scroll            |       |    11 |     1 ||    12
 Stab: Sleeping          |    12 |    15 |    22 ||    49
  Eat: Chunk             |     5 |     9 |     9 ||    23
       Ration            |       |     3 |     2 ||     5
Armor: Leather armour    |    41 |    38 |    41 ||   120
       Skin              |       |       |    20 ||    20
Dodge: Dodged            |    83 |   166 |   126 ||   375
Block: Buckler           |     7 |       |       ||     7

Table legend:
 A = Spawn XP
 B = Non-spawn XP
 C = Spawn XP percentage of total XP
 D = Spawn monster count
 E = Non-spawn monster count
 F = Spawn count percentage of total count
 G = Total turns spent on level
                    A         B        C        D         E        F      G
               +---------+---------+-------+---------+---------+-------+---------
         Total |       0 |    2707 |   0.0 |       0 |     163 |   0.0 | 11815
               +---------+---------+-------+---------+---------+-------+---------
           D:1 |       0 |      33 |   0.0 |       0 |      21 |   0.0 |  1433
           D:2 |       0 |     182 |   0.0 |       0 |      40 |   0.0 |  2406
           D:3 |       0 |     170 |   0.0 |       0 |      29 |   0.0 |  3166
           D:4 |       0 |     733 |   0.0 |       0 |      25 |   0.0 |  1633
           D:5 |       0 |     654 |   0.0 |       0 |      23 |   0.0 |  1120
           D:6 |       0 |     791 |   0.0 |       0 |      22 |   0.0 |  1513
           D:7 |       0 |     144 |   0.0 |       0 |       3 |   0.0 |   183
               +---------+---------+-------+---------+---------+-------+---------
